 Dungeon Crawl Stone Soup version 0.28.0 (webtiles) character file.

Game seed: 4516961482352625025

18 Discosetron the Magician (level 2, 0/21 HPs)
             Began as a Djinni Earth Elementalist on Feb 16, 2022.
             Killed from afar by Natasha (4 damage)
             ... with a magic dart
             ... on level 2 of the Dungeon.
             The game lasted 00:00:56 (1402 turns).

Discosetron the Magician (DjEE)                     Turns: 1402, Time: 00:00:56

Health: 0/21       AC:  2    Str:  7    XL:     2   Next: 90%
Gold:   76         EV: 12    Int: 16    God:
                   SH:  0    Dex: 13

rFire   + + .      SeeInvis .   d - staff of poison
rCold   x . .      Faith    .   (no shield)
rNeg    . . .      Spirit   .   b - +0 robe
rPois   ∞          Reflect  .   (no helmet)
rElec   .          Harm     .   (no cloak)
rCorr   .          Rampage  .   (no gloves)
Will    .....                   (boots unavailable)
Stlth   ++........              (no amulet)
HPRegen 0.07/turn               (no ring)
MPRegen 0.00/turn               (no ring)

@: flying, very slightly contaminated, slowed, very slow
A: sickness immunity, fire resistance 2, cold vulnerability 1, float, innate
caster, HP casting, extra vitality 1
a: no special abilities


You were on level 2 of the Dungeon.
You visited 1 branch of the dungeon, and saw 2 of its levels.

You collected 76 gold pieces.

Inventory:

Missiles
 c - 20 stones
Armour
 b - a +0 robe (worn)
Magical Staves
 d - a staff of poison (weapon)
Scrolls
 a - 2 scrolls of immolation {unknown}
 g - a scroll of noise {unknown}
 h - 4 scrolls of identify {unknown}
Potions
 e - 2 potions of curing {unknown}
 f - a potion of brilliance {unknown}


   Skills:
 - Level 2.1 Dodging
 - Level 1.5 Stealth
 + Level 3.1 Spellcasting


You couldn't memorise any spells.
You knew the following spells:

 Your Spells              Type           Power      Damage    Failure   Level
a - Sandblast             Erth           24%        2d8       4%          1
b - Passwall              Tmut/Erth      10%        N/A       8%          2
c - Stone Arrow           Conj/Erth      24%        3d8       16%         3
d - Petrify               Tmut/Erth      12%        N/A       45%         4
Your spell library was empty.

Dungeon Overview and Level Annotations

Branches:
Dungeon (2/15)

Altars:

Annotations:
D:2 Natasha


Innate Abilities, Weirdness & Mutations

You are immune to sickness and miasma.
You are immune to poison.
Your flesh is very heat resistant. (rF++)
You are vulnerable to cold. (rC-)
You float through the air rather than walking.
You learn spells naturally, not from books.
Your magical power is your life essence.
You have superior vitality. (+4 MHP)


Message History

Aim: Natasha (74% to hit)
The blast of sand hits Natasha!
Natasha is heavily wounded.
Natasha stares at you and mumbles some strange words.
You resist with significant effort.
Casting: Sandblast (safe; 4% risk of failure)
Confirm with . or Enter, or press ? or * to list all spells.
Aiming: Sandblast (safe; 4% risk of failure)
Press: ? - help, Shift-Dir - straight line, f/p - Natasha
Aim: Natasha (heavily wounded, 74% to hit)
The blast of sand hits Natasha.
Natasha is severely wounded.
Natasha stares at you and mumbles some strange words.
You feel yourself slow down.
Casting: Sandblast (safe; 4% risk of failure)
Confirm with . or Enter, or press ? or * to list all spells.
Aiming: Sandblast (safe; 4% risk of failure)
Press: ? - help, Shift-Dir - straight line, f/p - Natasha
Aim: Natasha (heavily wounded, 74% to hit)
The blast of sand hits Natasha.
Natasha is almost dead.
Natasha mumbles some strange words.
Casting: Sandblast (safe; 4% risk of failure)
Confirm with . or Enter, or press ? or * to list all spells.
Aiming: Sandblast (safe; 4% risk of failure)
Press: ? - help, Shift-Dir - straight line, f/p - Natasha
Aim: Natasha (almost dead, 74% to hit)
You miscast Sandblast.
Nothing appears to happen.
Natasha misses you.
Casting: Sandblast (safe; 4% risk of failure)
Confirm with . or Enter, or press ? or * to list all spells.
Aiming: Sandblast (safe; 4% risk of failure)
Press: ? - help, Shift-Dir - straight line, f/p - Natasha
Aim: Natasha (almost dead, 74% to hit)
You miscast Sandblast.
Nothing appears to happen.
Natasha casts a spell at you. The magic dart hits you!
* * * LOW HITPOINT WARNING * * *
Natasha stares at you and mumbles some strange words.
The magic dart hits you.
You die...

. ...
######)....
#..@h5....#
#.#########
##.#####
#......#
#####......#
#..........#
#..........##
#.............
######.........


You could see Natasha and a white imp (summoned).

Vanquished Creatures
  A dart slug (D:1)
  2 bats (D:1)
  An endoplasm (D:1)
  4 goblins
  2 hobgoblins
  A quokka (D:1)
  A ball python (D:1)
  3 kobolds
  A rat (D:1)
16 creatures vanquished.

Notes
Turn   | Place    | Note
-------+----------+-------------------------------------------
     0 | D:1      | Discosetron the Djinni Earth Elementalist began the quest
                  | for the Orb.
     0 | D:1      | Reached XP level 1. HP: 15/15 MP: 0/0
   403 | D:1      | Reached XP level 2. HP: 19/21 MP: 0/0
   712 | D:1      | Reached skill level 3 in Spellcasting
  1393 | D:2      | Noticed Natasha
  1402 | D:2      | Killed from afar by Natasha

Illustrated notes

Levels and vault maps discovered:
D:1:      scummos_arrival_forest, layout_basic
D:2:      layout_basic, dreamdust_ecumenical_altar_angels_and_demons,
          hangedman_abyss_or_decor_stabs, minmay_shallow_snake_nest,
          uniq_natasha

Skill      XL: |  1  2 |
---------------+-------+-----
Spellcasting   | 3 |  3.1
Dodging        | |  2.1
Stealth        | |  1.5

Action                   || total
-------------------------++-------
Melee: Staff             ||    12
 Cast: Sandblast         ||    27
 Stab: Sleeping          ||     1
Armor: Robe              ||     8
Dodge: Dodged            ||    24
